Merl, neutral female human Valkyrie -------------------------------------------------------------------------- |........|...............................................................| |......%.|.............)..............................%....------------..| -------[--.)................)..............................|..........|..| |%[......}}}}}}}....................}}}}}}}..........|..........|..| |.[......} }..... ......... }..........--|--|--...|..| ---........} }}}}} }.................|...|..| |..........} - - }.................|(..|..| |..........}}}| |};}.................-...|..| -------..........} }.@..%..............|...|..| |.....|).........} }...................|...|..| |....%)).......}}}| |}}}.................-...|..| |....)|........} - - }.................|.(.|..| |$..[.|........} }}}} }}}}}}}}}}} }..........%......|...|..| |..-)----......} }....................} }..........--|--|--...|..| |..|))..|......}}}}}}}....................}}}}}}}..........|......[...|..| |..|..^.|..................................................|...(......|..| -----------....................).........................%.------------..| |................................%....................)..).)...| ---------------------------------------------------------------- Merl the Woman-at-arms Experience level: 13 Strength: 18/07 Dexterity: 16 Constitution: 18 Intelligence: 10 Wisdom: 10 Charisma: 9 Health: 85(111) Energy: 31(31) Def: 12 Gold: 57 Moves: 15401 Dungeon seed: obaoWj5HAOVnDK1K Game ID: Merl_1525023094 Your Inventory: Coins $ - 57 gold pieces Amulets U - an uncursed amulet of ESP Weapons a - the rustproof +1 Mjollnir (weapon in hand) b - a blessed +0 dagger (in quiver) Armor e - an uncursed burnt rotted +3 small shield (being worn) h - an uncursed +0 pair of elven boots (being worn) n - an uncursed +0 dwarvish cloak (being worn) q - a cursed -2 pair of leather gloves D - an uncursed +0 pair of leather gloves N - an uncursed +0 dwarvish mithril-coat (being worn) Y - an uncursed +0 dwarvish iron helm (being worn) Comestibles A - an uncursed lizard corpse Scrolls P - 2 uncursed scrolls of teleportation Rings s - an uncursed ring of shock resistance X - an uncursed -3 ring of increase damage Wands B - a wand of lightning (0:1) C - a wand of striking (0:7) E - a wand of magic missile (0:4) F - a wand of lightning (0:2) I - a wand of light (0:8) J - a wand of cold (0:0) Q - a wand of sleep (0:3) Tools g - an uncursed tin whistle k - an uncursed skeleton key y - a +0 pick-axe H - an uncursed bag of holding K - an uncursed towel L - a blessed bag of holding named holding S - a blessed +0 unicorn horn Gems r - a blessed luckstone named luckstone Contents of the bag of holding named holding: 13551 gold pieces an uncursed amulet of magical breathing a +0 elven dagger a +2 long sword a +0 worm tooth an uncursed +0 mummy wrapping 3 uncursed C-rations 7 uncursed K-rations 2 uncursed eggs 7 uncursed food rations an uncursed slime mold 2 uncursed tins of spinach a blessed scroll of blank paper 6 uncursed scrolls of blank paper a cursed scroll of blank paper 2 uncursed scrolls of charging an uncursed scroll of confuse monster 2 uncursed scrolls of create monster an uncursed scroll of enchant armor a blessed scroll of enchant weapon an uncursed scroll of enchant weapon a cursed scroll of enchant weapon an uncursed scroll of fire named 50s a blessed scroll of identify an uncursed scroll of scare monster an uncursed scroll of teleportation an uncursed potion of fruit juice an uncursed potion of full healing an uncursed potion of gain energy an uncursed potion of hallucination 2 uncursed potions of healing 2 potions of holy water a cursed potion of levitation an uncursed potion of object detection a cursed potion of object detection an uncursed potion of restore ability an uncursed potion of see invisible a cursed potion of see invisible an uncursed potion of sickness a blessed potion of speed an uncursed potion of speed 3 uncursed potions of water a cursed ring of shock resistance an uncursed ring of teleport control a wand of cancellation (0:0) a wand of create monster (0:15) a wand of create monster (0:14) a wand of digging (0:7) a wand of digging (0:4) a wand of magic missile (0:7) a wand of magic missile (0:5) a wand of sleep (0:2) a wand of striking (0:5) a wand of striking (0:3) a wand of striking (0:3) a wand of striking (0:1) an uncursed oil lamp (0:1066) a cursed oil lamp (0:1356) 9 uncursed tallow candles (0:200) a +0 unicorn horn Spells and supernatural/magical abilities: Name Level Category Fail Memory a - force bolt 1 attack 100% 60% u - confuse monster 2 enchantment 100% 56% z - sleep 1 enchantment 100% 56% W - pray for help -- divine ? -- Your skills at the end: Fighting Skills Weapon Skills dagger [Basic] long sword [Expert] hammer [Expert] Spellcasting Skills Final Attributes: You were piously aligned. You were fire resistant. You were cold resistant. You were telepathic. You were stealthy. You had teleport control. You were held by a giant eel. You were fast. You were lucky. You had extra luck. Good luck did not time out for you. Odin was angry with you. You are dead. Vanquished creatures: a lich 2 water trolls a lurker above an ettin 6 lieutenants a giant mimic a fire giant an ogre king an Elvenking a large mimic a wumpus a long worm 4 couatls 2 stalkers a water elemental a hill giant a giant mummy a black naga 11 sergeants a warg 5 small mimics a xan an ettin mummy an ogre lord a troll a sasquatch a pyrolisk a freezing sphere a flaming sphere a shocking sphere a tiger a gargoyle 2 dwarf kings 4 tengu an ochre jelly 2 leocrottas 5 stone giants an elf mummy a human mummy a red naga 2 wraiths 2 Grey-elves 72 soldiers an incubus a chameleon a crocodile 2 giant beetles a quivering blob 2 cockatrices 4 wolves 2 lynxes a gremlin 7 leprechauns an iron piercer a mumak 3 giant spiders a scorpion an ice vortex a vampire bat 3 gnome kings an orc mummy a dwarf mummy 4 brown puddings a rust monster 3 yetis a gold golem a Green-elf 2 lizards a dog a dingo a housecat 2 jaguars 2 white unicorns 2 ravens a gnome mummy a snake 2 apes 6 Woodland-elves 7 soldier ants 12 fire ants 2 bugbears a quasit a water nymph a mountain nymph 6 Mordor orcs 4 orc shamans a rock piercer 2 rock moles a pony 7 yellow lights 4 shriekers 2 violet fungi 12 gnome lords 8 gnomish wizards 3 kobold mummies 11 elf zombies a ghoul 2 straw golems 3 paper golems 2 giant ants a little dog 4 floating eyes 21 dwarves 2 homunculi a kobold lord a kobold shaman 4 rothes 3 centipedes 2 giant bats 2 orc zombies 2 dwarf zombies 6 iguanas 19 killer bees 3 acid blobs 8 hobbits a large kobold 6 hobgoblins 4 giant rats 5 cave spiders a brown mold a green mold 56 gnomes 2 garter snakes 3 gnome zombies 9 geckos 10 jackals 4 foxes a kobold 3 goblins 4 sewer rats 2 grid bugs 2 bats 7 lichens a kobold zombie 6 newts 515 creatures vanquished. Voluntary challenges: You had been an atheist until turn 1910. You used a wielded weapon 811 times, starting on turn 27. You read items or engraved 28 times, starting on turn 197. You never genocided any monsters. You never polymorphed an object. You never changed form. You used no wishes. You split 3 puddings, starting on turn 13429. You wrote Elbereth's name 3 times, starting on turn 10137. You violated your moral code, losing 15 points of alignment, starting on turn 13344. Dungeon overview: The Dungeons of Doom: levels 1 to 18 Level 1 a long staircase Level 2 (closed shop) a scroll shop Level 3 a weapon shop stairs to The Gnomish Mines Level 4 a fountain Level 5 a general store Level 6 an altar to Odin, a fountain Level 7 many fountains Level 8 a jewelry store, a fountain a long staircase Level 9 a scroll shop, a fountain, a sink Level 10 some fountains Level 11 Level 12 a fountain Level 13 portal to The Quest Level 14 a potion shop Level 15 Level 16 a fountain Level 17 Level 18 (portal to croesus) a temple to Tyr, a fountain portal to Fort Ludios The Gnomish Mines: levels 4 to 12 Level 4 stairs to The Dungeons of Doom Level 5 Level 6 Level 7 many shops, a temple to Loki, some fountains Level 8 Level 9 Level 10 Level 11 Level 12 The Quest: Level 1 a fountain portal to The Dungeons of Doom Fort Ludios: Level 1 <- You were here portal to The Dungeons of Doom History has recorded: On T:1 you entered the Dungeons of Doom to retrieve the Amulet of Yendor! On T:335 you reached level 2 of The Dungeons of Doom. On T:710 you reached level 3 of The Dungeons of Doom. On T:737 you reached level 1 of The Gnomish Mines. On T:982 you advanced to experience level 2. On T:1052 you reached level 4 of The Dungeons of Doom. On T:1230 you advanced to experience level 3. On T:1371 you reached level 5 of The Dungeons of Doom. On T:1595 you advanced to experience level 4. On T:1662 you reached level 6 of The Dungeons of Doom. On T:2136 you advanced to experience level 5. On T:2216 you reached level 7 of The Dungeons of Doom. On T:2592 you advanced to experience level 6. On T:2801 you reached level 2 of The Gnomish Mines. On T:3108 you reached level 3 of The Gnomish Mines. On T:3289 you reached level 4 of The Gnomish Mines. On T:3348 you advanced to experience level 7. On T:3696 you reached level 5 of The Gnomish Mines. On T:4951 you received Mjollnir from Odin. On T:5045 you reached level 8 of The Dungeons of Doom. On T:5206 you reached level 9 of The Dungeons of Doom. On T:5414 you advanced to experience level 8. On T:5459 you reached level 10 of The Dungeons of Doom. On T:5948 you reached level 11 of The Dungeons of Doom. On T:8120 you advanced to experience level 9. On T:8312 you reached level 6 of The Gnomish Mines. On T:8314 you advanced to experience level 8. On T:8761 you reached level 7 of The Gnomish Mines. On T:8804 you reached level 8 of The Gnomish Mines. On T:9060 you reached level 9 of The Gnomish Mines. On T:9826 you advanced to experience level 9. On T:11849 you reached level 12 of The Dungeons of Doom. On T:12189 you reached level 13 of The Dungeons of Doom. On T:12510 you reached level 1 of The Quest. On T:12568 you reached level 14 of The Dungeons of Doom. On T:12853 you reached level 15 of The Dungeons of Doom. On T:12943 you reached level 16 of The Dungeons of Doom. On T:13025 you advanced to experience level 10. On T:13733 you reached level 17 of The Dungeons of Doom. On T:13734 you reached level 18 of The Dungeons of Doom. On T:14132 you reached Fort Ludios. On T:14232 you advanced to experience level 11. On T:14708 you advanced to experience level 12. On T:14874 you advanced to experience level 13. Score breakdown: Gold: 13608 (14061 points) Experience: 13 levels (19298 points) Exploration: 20 levels ( 42.55%) (19280 points) Discoveries: 38 items ( 15.45%) (11790 points) Valuables value: (no points given unless you survive) Artifact value: 4000 (12253 points) Variety of kills: 135 monsters ( 35.43%) (17857 points) Turncount: 15401 turns (-3016 points) Survival: died (score multiplied by 80%) Total score: 73218 Latest messages: The massive hammer hits! Lightning strikes the yeti! The yeti hits! (2x) The yeti bites! The massive hammer hits! Lightning strikes the yeti! The yeti hits! (2x) The yeti misses. The yeti hits! (2x) The yeti bites! The massive hammer hits! Lightning strikes the yeti! You kill the yeti! You see here a yeti corpse. You feel an absence of magical power. You never learned to swim! (Use the 'moveonly' command to move there anyway.) The giant eel bites! The giant eel swings itself around you! You cannot escape from the giant eel! The giant eel bites! The giant eel drowns you... The bag of holding is empty. The bag of holding is empty. Final status: Farvel Merl the Valkyrie, drowned in a moat by a giant eel... You drowned in Fort Ludios with 73218 points, and 13608 pieces of gold, after 15401 moves. You were level 13 with a maximum of 111 hit points when you drowned.